 Dungeon Crawl Stone Soup version 0.28-a0-1567-g1695149f81 (webtiles) character file.

Game seed: 10856881565023202838

274 Pin the Covered (level 6, -3/51 HPs)
             Began as a Hill Orc Monk on Jan 20, 2022.
             Slain by a gnoll (6 damage)
             ... on level 4 of the Dungeon.
             The game lasted 00:08:03 (4715 turns).

Pin the Covered (Hill Orc Monk)                     Turns: 4715, Time: 00:08:04

Health: -3/51      AC:  9    Str: 16    XL:     6   Next: 24%
Magic:  6/6        EV: 10    Int: 10    God:
Gold:   93         SH:  0    Dex: 13    Spells: 5/5 levels left

rFire   . . .      SeeInvis .   a - +0 hand axe
rCold   . . .      Faith    .   (no shield)
rNeg    . . .      Spirit   .   j - +0 scale mail
rPois   .          Reflect  .   e - +0 helmet
rElec   .          Harm     .   (no cloak)
rCorr   .          Rampage  .   (no gloves)
Will    .....                   (no boots)
Stlth   ..........              (no amulet)
HPRegen 0.17/turn               (no ring)
MPRegen 0.10/turn               (no ring)

@: no status effects
A: no striking features
a: no special abilities


You were on level 4 of the Dungeon.
You visited 1 branch of the dungeon, and saw 4 of its levels.

You collected 93 gold pieces.

Inventory:

Hand Weapons
 a - a +0 hand axe (weapon)
Missiles
 i - 6 poisoned darts (quivered)
Armour
 e - a +0 helmet (worn)
 j - a +0 scale mail (worn)
Jewellery
 d - an amulet of faith
Wands
 l - a wand of iceblast (8)
 r - a wand of digging (7)
Scrolls
 f - 3 scrolls of fear {unknown}
 h - a scroll of immolation {unknown}
 m - a scroll of teleportation {unknown}
 n - 4 scrolls of identify {unknown}
 q - 2 scrolls of noise {unknown}
Potions
 b - a potion of attraction {unknown}
 c - a potion of invisibility {unknown}
 g - a potion of magic {unknown}
 k - a potion of might {unknown}
 o - a potion of curing {unknown}
 p - a potion of brilliance {unknown}
 s - 2 potions of ambrosia {unknown}


   Skills:
 - Level 3.6 Fighting
 - Level 4.0 Axes
 + Level 6.5 Armour
 - Level 2.4 Dodging
 - Level 1.5 Stealth


You had 5 spell levels left.
You didn't know any spells.
Your spell library was empty.

Dungeon Overview and Level Annotations

Branches:
Dungeon (4/15)
 Temple: D:4-7

Altars:


Message History

The gnoll is almost dead.
The gnoll barely misses you. The gnoll hits you but does no damage.
You hit the gnoll but do no damage.
The gnoll is almost dead.
The gnoll closely misses you. The gnoll hits you but does no damage.
You hit the gnoll but do no damage.
The gnoll is almost dead.
The gnoll hits you but does no damage.
You hit the gnoll but do no damage.
The gnoll is almost dead.
The gnoll closely misses you. The gnoll hits you with a +0 whip.
* * * LOW HITPOINT WARNING * * *
You hit the gnoll.
You kill the gnoll!
The kobold misses you.
You hit the kobold.
The kobold is moderately wounded.
You are no longer glowing.
The kobold hits you with a +0 dagger.
* * * LOW HITPOINT WARNING * * *
You closely miss the kobold.
The kobold is moderately wounded.
The kobold hits you but does no damage.
You barely miss the kobold.
The kobold is moderately wounded.
The kobold hits you but does no damage.
You hit the kobold but do no damage.
The kobold is moderately wounded.
The kobold hits you but does no damage.
You hit the kobold.
The kobold is severely wounded.
The kobold closely misses you.
You slash the kobold!
You kill the kobold!
You barely miss the gnoll. The gnoll hits you with a +0 flail.
* * * LOW HITPOINT WARNING * * *
You hit the gnoll.
The gnoll is lightly wounded.
The gnoll hits you but does no damage. The gnoll hits you with a +0 flail.
You die...

##.#.###..#
#.#>.....# #
#.#......#.#
#.##.##.##.###.
#.#............
#..........##
....#..##.####
#.#..#..##...#
. #.....####@#
###...#
##g#####g.g
$.#.#
#......g...
.###.
#..#####...
#..# #..# ....
###.# #.#


You could see a gnoll.

Vanquished Creatures
  A sky beast (D:3)
  A gnoll shaman (D:4)
  2 gnolls (D:4)
  4 adders
  An adder skeleton (D:4)
  A worm (D:2)
  4 dart slugs
  4 orcs (D:3)
  7 ball pythons
  5 bats
  7 endoplasms
  A giant cockroach (D:1)
  7 goblins
  8 hobgoblins
  2 jackals (D:2)
  4 quokkas
  6 frilled lizards
  7 kobolds
  9 rats
81 creatures vanquished.

Notes
Turn   | Place    | Note
-------+----------+-------------------------------------------
     0 | D:1      | Pin the Hill Orc Monk began the quest for the Orb.
     0 | D:1      | Reached XP level 1. HP: 19/19 MP: 1/1
   154 | D:1      | Reached skill level 1 in Armour
   363 | D:1      | Reached XP level 2. HP: 26/26 MP: 2/2
   379 | D:1      | Reached skill level 2 in Armour
  1159 | D:1      | Reached XP level 3. HP: 27/31 MP: 3/3
  1282 | D:1      | Reached skill level 3 in Armour
  1906 | D:2      | Reached XP level 4. HP: 6/39 MP: 4/4
  2453 | D:2      | Reached skill level 4 in Armour
  3503 | D:3      | Found a faded altar of an unknown god.
  3908 | D:3      | Reached XP level 5. HP: 45/45 MP: 5/5
  3978 | D:3      | Noticed a sky beast
  3984 | D:3      | Reached skill level 5 in Armour
  4090 | D:3      | Killed a sky beast
  4091 | D:3      | Reached skill level 6 in Armour
  4655 | D:4      | Reached XP level 6. HP: 51/51 MP: 6/6
  4715 | D:4      | Slain by a gnoll

Illustrated notes

Levels and vault maps discovered:
D:1:      dpeg_chamrin_arrival_tetris, layout_basic, solitary_fountain
D:2:      layout_loops_corners
D:3:      layout_basic, basic_ecumenical_altar, nicolae_elevator_lobby_asterisk
D:4:      layout_loops_ring, marbit_many_paths, minmay_misc_feat_diagonals,
          uniq_duvessa

Skill      XL: |  1  2  3  4  5 |
---------------+----------------+-----
Armour         | 1 2 3 4 6 |  6.5
Fighting       | |  3.6
Axes           | |  4.0
Dodging        | |  2.4
Stealth        | |  1.5

Action                   |  1- 3 |  4- 6 || total
-------------------------+-------+-------++-------
Melee: Hand axe          |   154 |   213 ||   367
       Punch             |     2 |     2 ||     4
Throw: Dart              |       |    15 ||    15
 Stab: Sleeping          |     3 |     1 ||     4
Armor: Robe              |    17 |       ||    17
       Leather armour    |    38 |     6 ||    44
       Scale mail        |       |    88 ||    88
Dodge: Dodged            |   104 |   106 ||   210

Table legend: (Time is in decaauts)
 A = Elapsed time spent in this place.
 B = Non-inter-level travel time spent in this place.
 C = Inter-level travel time spent in this place.
 D = Time resting spent in this place.
 E = Time spent auto-exploring this place.
 F = Levels seen in this place.
 G = Mean time per level.
                   A        B        C        D        E       F      G
               +--------+--------+--------+--------+--------+-----+--------+
         Total |   4750 |   4685 |     65 |   1042 |   2717 |   4 | 1187.5 |
       Dungeon |   4750 |   4685 |     65 |   1042 |   2717 |   4 | 1187.5 |
               +--------+--------+--------+--------+--------+-----+--------+

Top non-repeatable levels by time:
     D:2: 1980 daAuts
     D:1: 1456 daAuts
     D:3: 1229 daAuts
     D:4: 85 daAuts
